Map: Catalyst LE

Players

kivan

  • Race: Protoss Protoss
  • League: Diamond
  • Spawn Location: 11:00

ViolentVik - Winner!

  • Race: Zerg Zerg
  • League: Diamond
  • Spawn Location: 5:00

VOD

Have the link to the VOD?

Description

failed to scout the CR :(

Time

  • Played on: Feb. 16, 2018, 11:32 a.m.
  • Length: 13:05
Show
View Real Time Build Order
Export as new Build Order

kivan Protoss 

Build Orders:  

Get SALT Encoding   

  12  0:01  Probe  
  13  0:13  Probe  
  14  0:19  Pylon  
  14  0:25  Probe  
  15  0:37  Probe (Chrono Boost)  
  16  0:44  Forge  
  16  0:49  Probe (Chrono Boost)  
  17  0:54  Probe (Chrono Boost)  
  18  0:59  Pylon  
  18  1:17  Photon Cannon  
  18  1:19  Photon Cannon  
  18  1:22  Probe (Chrono Boost)  
  19  1:32  Probe (Chrono Boost)  
  20  1:50  Nexus  
  20  2:04  Probe (Chrono Boost), Photon Cannon  
  21  2:14  Gateway  
  21  2:16  Probe (Chrono Boost)  
  21  2:22  Pylon  
  22  2:31  Pylon  
  22  2:33  Assimilator  
  22  2:40  Probe  
  22  2:42  Assimilator  
  23  2:52  Probe  
  23  2:57  Photon Cannon  
  24  3:04  Probe  
  25  3:10  Cybernetics Core  
  25  3:16  Probe x2  
  27  3:21  Zealot  
  29  3:29  Probe  
  29  3:30  Probe  
  32  3:41  Probe  
  32  3:42  Probe  
  32  3:47  Assimilator  
  33  3:51  Shield Battery  
  33  3:52  Warp Gate (Chrono Boost)  
  33  3:53  Probe  
  33  3:54  Probe  
  35  4:05  Probe  
  35  4:06  Probe  
  37  4:10  Stargate  
  37  4:13  Stargate  
  37  4:18  Probe  
  37  4:19  Probe  
  37  4:20  Assimilator  
  39  4:30  Probe  
  39  4:31  Probe  
  40  4:39  Shield Battery, Pylon  
  40  4:42  Probe  
  40  4:43  Probe  
  42  4:52  Void Ray (Chrono Boost)  
  42  4:54  Probe  
  42  4:55  Probe  
  52  5:07  Void Ray (Chrono Boost)  
  52  5:11  Pylon  
  52  5:15  Photon Cannon  
  50  5:48  Void Ray  
  54  5:51  Pylon  
  51  5:58  Cybernetics Core  
  51  6:00  Pylon  
  51  6:03  Probe x2  
  43  6:15  Probe  
  43  6:16  Probe  
  41  6:27  Probe  
  41  6:28  Probe  
  39  6:34  Void Ray (Chrono Boost)  
  37  6:45  Probe x2  
  26  7:09  Probe (Chrono Boost)  
  26  7:11  Probe (Chrono Boost)  
  23  7:19  Zealot  
  23  7:20  Void Ray (Chrono Boost)  
  23  7:21  Probe (Chrono Boost)  
  30  7:26  Probe (Chrono Boost)  
  30  7:27  Probe (Chrono Boost)  
  31  7:33  Probe x2  
  33  7:41  Probe  
  33  7:45  Probe  
  33  7:49  Probe  
  33  7:50  Zealot  
  37  7:57  Probe  
  39  8:01  Probe  
  31  8:09  Probe  
  23  8:21  Zealot  
  25  8:28  Void Ray (Chrono Boost)  
  27  8:45  Zealot  
  29  8:57  Gateway  
  27  9:06  Zealot  
  27  9:08  Void Ray (Chrono Boost)  
  23  9:26  Zealot  
  25  9:36  Probe x2  
  25  9:48  Probe  
  25  9:50  Void Ray (Chrono Boost)  
  30  9:53  Zealot  
  29  10:09  Zealot  
  29  10:10  Shield Battery  
  31  10:20  Zealot  
  33  10:24  Probe x2  
  31  10:40  Void Ray (Chrono Boost)  
  31  11:03  Photon Cannon  
  31  11:17  Pylon  
  31  11:32  Void Ray (Chrono Boost)  
  35  11:44  Zealot  
Show
View Real Time Build Order
Export as new Build Order

ViolentVik Zerg - Winner!

Build Orders: Hatch First, Roach Nydus 

Get SALT Encoding   

  12  0:01  Drone  
  13  0:13  Overlord  
  13  0:17  Drone  
  14  0:42  Hatchery  
  13  0:45  Drone  
  15  0:50  Drone  
  15  0:53  Drone  
  16  0:57  Drone  
  17  1:08  Drone  
  17  1:11  Extractor  
  17  1:23  Spawning Pool  
  16  1:25  Drone  
  16  1:29  Drone  
  18  1:41  Drone  
  19  1:52  Overlord  
  19  2:11  Queen x2  
  19  2:14  Zergling x8  
  27  2:17  Metabolic Boost  
  27  2:25  Roach Warren  
  25  2:43  Extractor, Drone x2  
  26  2:45  Drone  
  26  2:46  Drone x2  
  26  2:48  Drone  
  32  3:08  Lair  
  30  3:26  Overlord x3  
  30  3:48  Roach  
  30  3:49  Roach x2  
  30  3:55  Hatchery  
  35  4:01  Drone  
  36  4:14  Roach x3  
  42  4:22  Nydus Network  
  43  4:45  Roach  
  43  4:46  Roach x3  
  43  4:49  Overlord  
  49  4:58  Roach  
  51  5:02  Nydus Canal  
  51  5:09  Roach  
  54  5:14  Zergling x4  
  54  5:17  Roach  
  53  5:44  Queen  
  53  5:46  Queen  
  50  5:59  Nydus Canal  
  44  6:12  Roach  
  44  6:13  Roach x4  
  40  7:05  Queen x2  
  36  7:17  Roach x6  
  44  7:37  Nydus Canal  
  44  7:41  Queen x2  
  48  7:47  Zergling x8  
  46  8:33  Queen x2  
  36  9:02  Zergling x12  
  42  9:09  Queen x2  
  40  9:40  Roach x6  
  49  10:00  Nydus Canal  
  48  10:15  Hatchery  
  43  10:49  Roach  
  51  10:50  Roach x3  
  51  11:44  Ravager x8  
Tags
 
Add a new tag
Caveats
  • Supply blocks, unpowered buildings, or Contaminate may cause inaccurate times.
  • Supply counts are checked every 10 seconds.